 Dungeon Crawl Stone Soup version 0.29.1-15-g9cfb28693d (webtiles) character file.

Game seed: 5940822481483376932

52 Silvore the Trooper (level 3, -1/29 HPs)
             Began as a Demonspawn Monk on May 1, 2023.
             Slain by a worm (8 damage)
             ... on level 2 of the Dungeon.
             The game lasted 00:02:23 (1582 turns).

Silvore the Trooper (Demonspawn Monk)               Turns: 1582, Time: 00:02:24

Health: -1/29      AC:  5    Str: 11    XL:     3   Next: 60%
Magic:  3/3        EV: 13    Int: 11    God:
Gold:   117        SH:  0    Dex: 19    Spells: 2/2 levels left

rFire   . . .      SeeInvis .   a - +0 hand axe
rCold   . . .      Faith    .   (no shield)
rNeg    . . .      Spirit   .   k - +1 leather armour
rPois   .          Reflect  .   l - +1 hat
rElec   .          Harm     .   (no cloak)
rCorr   .          Rampage  .   (no gloves)
Will    .....                   (no boots)
Stlth   +++.......              (no amulet)
HPRegen 0.09/turn               (no ring)
MPRegen 0.08/turn               (no ring)

@: no status effects
A: thin skeletal structure 1, powered by death 1
a: no special abilities


You were on level 2 of the Dungeon.
You visited 1 branch of the dungeon, and saw 2 of its levels.

You collected 117 gold pieces.

Inventory:

Hand Weapons
 a - a +0 hand axe (weapon)
Armour
 b - a +0 robe
 k - a +1 leather armour (worn)
 l - a +1 hat (worn)
Scrolls
 d - a scroll of enchant armour
 e - a scroll of torment {unknown}
 h - 3 scrolls of identify
 i - a scroll of vulnerability {unknown}
 m - a scroll of magic mapping {unknown}
Potions
 c - 2 potions of ambrosia
 f - a potion of magic {unknown}
 g - a potion of berserk rage
 j - a potion of curing {unknown}


   Skills:
 + Level 3.3 Fighting
 + Level 3.2 Axes
 + Level 0.3 Armour
 + Level 3.0 Dodging
 + Level 2.4 Stealth


You had 2 spell levels left.
You didn't know any spells.
Your spell library was empty.

Dungeon Overview and Level Annotations

Branches:
Dungeon (2/15)

Altars:


Innate Abilities, Weirdness & Mutations

You have a somewhat thin skeletal structure. (Dex +2, Stealth+)
You regenerate a little health from kills.


Message History

You hit the worm.
The worm is moderately wounded.
The worm closely misses you.
You hit the worm.
The worm is moderately wounded.
The worm bites you.
You barely miss the worm.
The worm is moderately wounded.
You hit the worm but do no damage.
The worm is moderately wounded.
The worm bites you.
You barely miss the worm.
The worm is moderately wounded.
The worm bites you!
You hit the worm.
The worm is heavily wounded.
You barely miss the worm.
The worm is heavily wounded.
The worm bites you.
You hit the worm.
The worm is severely wounded.
The worm misses you.
You hit the worm.
The worm is severely wounded.
You barely miss the worm.
The worm is severely wounded.
The worm misses you.
You barely miss the worm.
The worm is severely wounded.
The worm misses you.
You hit the worm.
The worm is severely wounded.
You hit the worm.
The worm is severely wounded.
The worm bites you.
* * * LOW HITPOINT WARNING * * *
You barely miss the worm. Your punch misses the worm.
The worm is severely wounded.
The worm bites you!
You die...

##.. .... ... ..# #.#
#.#
#######w############
#....!.@...........#
#..####.##########.###
#.# #.........# ## #.#
#.######### .# #.#
#.##......# .# #.#
#.##.####.# .# #.#
#......#<.# .#
...####.#######.#.#..#
.#### ...........#
#..#.#..#


You could see a worm.

Vanquished Creatures
  An adder (D:2)
  A dart slug (D:2)
  8 ball pythons (D:1)
  3 bats
  3 endoplasms
  5 giant cockroaches
  4 goblins
  3 hobgoblins
  A kobold (D:2)
  2 quokkas (D:1)
  4 frilled lizards
  3 rats (D:1)
38 creatures vanquished.

Notes
Turn   | Place    | Note
-------+----------+-------------------------------------------
     0 | D:1      | Silvore the Demonspawn Monk began the quest for the Orb.
     0 | D:1      | Reached XP level 1. HP: 18/18 MP: 1/1
   441 | D:1      | Gained mutation: You have a somewhat thin skeletal
                  | structure. (Dex +2, Stealth+) [demonic ancestry]
   441 | D:1      | Reached XP level 2. HP: 24/24 MP: 2/2
  1193 | D:2      | Gained mutation: You regenerate a little health from kills.
                  | [demonic ancestry]
  1193 | D:2      | Reached XP level 3. HP: 28/29 MP: 3/3
  1582 | D:2      | Slain by a worm

Illustrated notes

Levels and vault maps discovered:
D:1:      erik_arrival_triangle_large, layout_basic, solitary_fountain,
          minmay_octomino_j4
D:2:      layout_basic, minmay_goblin_kobold_house

Skill      XL: |  1  2 |
---------------+-------+-----
Axes           | 3 |  3.2
Stealth        | 2 |  2.4
Dodging        | 3 |  3.0
Fighting       | |  3.3
Armour         | |  0.3

Action                   || total
-------------------------++-------
Melee: Hand axe          ||   113
  Use: Scroll            ||     5
 Stab: Sleeping          ||    13
Armor: Robe              ||     9
       Leather armour    ||    19
Dodge: Dodged            ||    65
